 Dungeon Crawl Stone Soup version 0.18-b1-14-g029dad2 (webtiles) character file.

72 Alarkh the Grave Robber (level 4, -4/30 HPs)
             Began as a Mummy Necromancer on Apr 30, 2016.
             Slain by a gnoll
             ... wielding a +0 club
              (9 damage)
             ... on level 1 of the Dungeon.
             The game lasted 00:01:43 (907 turns).

Alarkh the Grave Robber (Mummy Necromancer)          Turns: 907, Time: 00:01:44

Health: -4/30      AC:  3    Str: 11    XL:     4   Next: 7%
Magic:  8/8        EV: 12    Int: 15    God:
Gold:   45         SH:  0    Dex: 12    Spells: 1 memorised, 7 levels left

rFire  x . .     SeeInvis .     e - +0 spear
rCold  + . .     Gourm    .     a - +0 robe
rNeg   + + +     Faith    .     (no shield)
rPois  ∞         Spirit   .     (no helmet)
rElec  .         Dismiss  .     d - +0 cloak
rCorr  .         Reflect  .     (no gloves)
SustAt .         Harm     .     (no boots)
MR     .....                    (no amulet)
Stlth  ++........               (no ring)
                                (no ring)

@: not resistant to hostile enchantments, unstealthy
A: no food or potions, fire vulnerability, cold resistance 1, negative energy
resistance 3, torment resistance, unbreathing
a: no special abilities


You were on level 1 of the Dungeon.
You were not hungry.

You visited 1 branch of the dungeon, and saw 2 of its levels.

You collected 45 gold pieces.

Inventory:

Hand Weapons
 e - a +0 spear (weapon)
Armour
 a - a +0 robe (worn)
 d - a +0 cloak (worn)
Scrolls
 c - a scroll of remove curse {unknown}
 f - a scroll of blinking {unknown}
 g - a scroll of magic mapping {unknown}
 h - 3 scrolls of teleportation {unknown}
 i - a scroll of noise {unknown}
 j - a scroll of identify {unknown}
 k - a scroll of fog {unknown}
Books
 b - a book of Necromancy

   Spells                             Type                      Level
   a - Pain                           Necromancy                   1
   b - Animate Skeleton               Necromancy                   1
   c - Vampiric Draining              Necromancy                   3
   d - Regeneration                   Charms/Necromancy            3
   e - Animate Dead                   Necromancy                   4
   f - Control Undead                 Necromancy                   4


   Skills:
 + Level 1.6 Polearms
 - Level 1.5 Dodging
 - Level 1.5 Stealth
 + Level 2.8 Spellcasting
 + Level 4.5 Necromancy


You had 7 spell levels left.
You knew the following spells:

 Your Spells              Type           Power        Failure   Level  Hunger
a - Pain                  Necr           ###.         3%          1    N/A

Dungeon Overview and Level Annotations

Branches:
Dungeon (2/15)

Altars:
Sif Muna


Innate Abilities, Weirdness & Mutations

You do not eat or drink.
Your flesh is vulnerable to fire.
You are immune to poison.
Your flesh is cold resistant.
You are immune to negative energy.
You are immune to unholy pain and torment.
You can survive without breathing.


Message History

Casting: Pain
Confirm with . or Enter, or press ? or * to list all spells.
Aiming: Pain
Press: ? - help, Shift-Dir - straight line, f/p - gnoll
Aim: a gnoll, wielding a whip (heavily wounded, chance to defeat MR: 80%)
The gnoll convulses in agony!
The gnoll hits you with a whip. The gnoll hits you with a whip!
* * * LOW HITPOINT WARNING * * *
You see here a bat corpse.
Your magical contamination has completely faded away.
There is a stone staircase leading up here.
A rat comes into view.
There is a stone staircase leading up here.
The gnoll hits you with a club.
* * * LOW HITPOINT WARNING * * *
You climb upwards.
The goblin shouts!
There is a stone staircase leading down here.
The gnoll hits you with a club!
You die...

......####.........###
..##### #..[#.......#
..# #...........# ..#
#...........# ..#
#.!...#'##### ..#
#.....#.# ###
#...#.#.# #...#.g.#
#...##.@# ######g.#
##># #.# #.# ###


You could see a gnoll and a goblin.

Vanquished Creatures
  3 adders
  A worm (D:2)
  3 dart slugs
  4 giant geckos (D:1)
  A giant cockroach (D:2)
  3 goblins (D:2)
  6 hobgoblins
  6 bats
  3 giant newts (D:1)
  3 kobolds (D:2)
  3 rats (D:1)
36 creatures vanquished.

Notes
Turn   | Place    | Note
--------------------------------------------------------------
     0 | D:1      | Alarkh the Mummy Necromancer began the quest for the Orb.
     0 | D:1      | Reached XP level 1. HP: 13/13 MP: 3/3
   179 | D:1      | Reached XP level 2. HP: 14/19 MP: 1/5
   302 | D:1      | Reached skill level 1 in Polearms
   410 | D:2      | Reached XP level 3. HP: 24/24 MP: 2/6
   457 | D:2      | Found a deep blue altar of Sif Muna.
   738 | D:2      | Reached XP level 4. HP: 12/30 MP: 0/8
   907 | D:1      | Slain by a gnoll

Skill      XL: |  1  2 |
---------------+-------+-----
Polearms       | 1 |  1.6
Dodging        | |  1.5
Stealth        | |  1.5
Spellcasting   | |  2.8
Necromancy     | |  4.5

Action                   |  1- 3 |  4- 6 || total
-------------------------+-------+-------++-------
Melee: Unarmed           |     2 |       ||     2
       Spear             |    13 |       ||    13
 Cast: Pain              |    58 |     6 ||    64
Armor: Robe              |     9 |       ||     9
Dodge: Dodged            |    18 |       ||    18
